Map: Simulacrum LE

Players

BlyOnFire (Bly)

  • Race: Zerg Zerg
  • League: Grandmaster
  • Spawn Location: 5:00

PtitDrogo - Winner!

  • Race: Protoss Protoss
  • League: Grandmaster
  • Spawn Location: 11:00

Event: StayAtHomestory Cup #1

VOD

Have the link to the VOD?

Description

Time

  • Played on: April 10, 2020, 8:54 a.m.
  • Length: 10:35

All games in this series

Show
View Real Time Build Order
Export as new Build Order

BlyOnFire Zerg 

Build Orders: 3 Hatch before Pool, Swarm Host 

Get SALT Encoding   

  12  0:01  Drone  
  13  0:12  Overlord  
  13  0:17  Drone  
  14  0:30  Drone x2  
  16  0:50  Hatchery  
  16  0:53  Drone  
  16  1:15  Hatchery  
  16  1:18  Drone  
  16  1:22  Drone  
  16  1:25  Drone  
  18  1:36  Extractor  
  17  1:40  Spawning Pool  
  17  1:44  Drone  
  17  1:47  Drone  
  18  1:50  Drone  
  19  1:56  Evolution Chamber  
  20  2:04  Drone  
  21  2:22  Overlord  
  21  2:29  Zergling x8  
  25  2:30  Queen  
  25  2:35  Hatchery  
  26  2:40  Queen  
  28  2:51  Metabolic Boost  
  27  2:59  Drone x2  
  27  3:00  Drone x2  
  31  3:11  Overlord  
  31  3:12  Drone x3  
  34  3:27  Drone  
  35  3:28  Queen  
  35  3:29  Overlord  
  37  3:39  Drone x2  
  38  3:41  Overlord  
  38  3:43  Drone x2  
  38  3:47  Drone x3  
  43  3:53  Queen  
  45  3:58  Drone x3  
  48  4:04  Overlord  
  48  4:08  Spore Crawler  
  47  4:11  Drone x3  
  47  4:14  Drone x2  
  52  4:18  Drone x2  
  52  4:21  Spore Crawler  
  52  4:23  Spore Crawler  
  52  4:26  Drone x2  
  52  4:29  Overlord  
  53  4:39  Zergling x14  
  53  4:45  Overlord  
  59  4:50  Drone x4  
  64  4:52  Drone  
  64  4:55  Lair  
  64  4:57  Extractor  
  64  4:58  Extractor  
  62  5:06  Overlord  
  62  5:10  Drone x4  
  62  5:12  Roach Warren  
  62  5:13  Overlord  
  64  5:21  Drone x2  
  64  5:22  Drone x7  
  73  5:28  Overlord  
  73  5:34  Drone x2  
  75  5:35  Extractor  
  75  5:37  Overlord  
  74  5:44  Hatchery  
  73  5:54  Overseer  
  73  5:55  Glial Reconstitution  
  73  5:57  Roach x8  
  73  5:58  Roach  
  73  6:02  Roach  
  93  6:08  Roach x3  
  99  6:17  Roach x4  
  99  6:18  Overlord  
  107  6:22  Overlord  
  107  6:29  Roach  
  107  6:30  Roach x4, Overlord  
  107  6:32  Overlord  
  117  6:34  Overlord  
  117  6:39  Extractor  
  115  6:47  Roach x8  
  124  6:50  Hatchery  
  117  6:59  Drone x5  
  118  7:19  Drone x6  
  118  7:21  Infestation Pit  
  122  7:27  Extractor x2  
  120  7:30  Evolution Chamber  
  120  7:36  Drone  
  120  7:37  Drone x2  
  122  7:39  Overlord x2  
  122  7:48  Spire  
  115  8:09  Swarm Host x8, Zerg Missile Weapons Level 1  
  115  8:11  Overlord  
  139  8:16  Zergling x12  
  141  8:20  Hatchery  
  141  8:25  Swarm Host  
  141  8:26  Swarm Host x2  
  149  8:30  Roach x2  
  149  8:31  Roach x2  
  154  8:39  Roach x4  
  152  8:44  Queen x2  
  152  8:46  Roach x2  
  159  8:55  Roach x5  
  159  9:02  Roach x5  
  153  9:07  Roach  
  153  9:09  Roach x4  
  151  9:19  Roach  
  148  9:28  Roach x3  
  154  9:32  Roach x4  
  154  9:38  Roach x2  
  150  9:45  Roach x4  
  132  9:52  Roach x2  
  119  9:54  Roach x2  
  114  10:00  Roach x3  
  114  10:06  Roach  
  114  10:07  Roach x2  
  114  10:16  Roach x2  
Show
View Real Time Build Order
Export as new Build Order

PtitDrogo Protoss - Winner!

Build Orders: Archon Immortal, Archon Drop 

Get SALT Encoding   

  12  0:00  Probe  
  13  0:13  Probe  
  14  0:20  Pylon  
  14  0:25  Probe  
  15  0:38  Probe (Chrono Boost)  
  15  0:42  Gateway  
  16  0:47  Probe (Chrono Boost)  
  16  0:48  Assimilator  
  17  0:52  Probe (Chrono Boost)  
  18  1:04  Probe  
  19  1:16  Probe  
  20  1:27  Zealot (Chrono Boost)  
  20  1:29  Probe  
  20  1:31  Cybernetics Core  
  23  1:35  Pylon  
  23  1:53  Probe  
  24  2:06  Adept (Chrono Boost)  
  26  2:17  Nexus  
  26  2:19  Probe  
  27  2:26  Assimilator  
  27  2:30  Warp Gate  
  27  2:32  Probe  
  27  2:37  Pylon  
  28  2:44  Probe  
  28  2:49  Stalker  
  31  2:57  Probe  
  32  3:09  Probe  
  32  3:10  Stargate  
  33  3:15  Gateway  
  33  3:22  Probe (Chrono Boost)  
  34  3:29  Probe (Chrono Boost)  
  36  3:37  Probe (Chrono Boost)  
  36  3:39  Probe (Chrono Boost)  
  37  3:45  Probe (Chrono Boost)  
  37  3:47  Robotics Facility  
  39  3:49  Probe (Chrono Boost), Twilight Council  
  39  3:51  Probe (Chrono Boost)  
  39  3:55  Probe  
  41  3:59  Probe  
  42  4:07  Probe  
  43  4:10  Pylon  
  43  4:11  Probe  
  44  4:18  Adept x2  
  44  4:19  Probe  
  44  4:23  Probe  
  50  4:24  Charge (Chrono Boost)  
  50  4:29  Templar Archives  
  50  4:34  Probe  
  50  4:41  Assimilator  
  50  4:42  Probe  
  50  4:43  Assimilator  
  52  4:45  Observer (Chrono Boost)  
  52  4:49  Gateway  
  52  4:51  Probe, Gateway  
  53  4:54  Probe  
  53  4:56  Nexus  
  54  5:04  Probe, Pylon  
  54  5:06  Warp Prism (Chrono Boost)  
  57  5:14  Probe  
  57  5:16  Probe  
  57  5:17  Pylon  
  59  5:25  Zealot x2  
  59  5:27  Probe  
  59  5:28  Probe  
  65  5:32  Gateway  
  65  5:34  Observer  
  65  5:35  Gateway  
  65  5:42  Gateway  
  65  5:48  Gateway  
  65  5:49  Probe  
  66  5:54  High Templar x4  
  74  5:57  Archon  
  74  5:58  Archon  
  74  6:03  Probe x2  
  76  6:10  Probe  
  77  6:15  Probe  
  77  6:16  Shield Battery  
  77  6:18  Probe  
  79  6:26  Zealot x5  
  79  6:31  Probe  
  90  6:33  Probe x2, Pylon  
  90  6:34  Pylon  
  90  6:43  Probe  
  85  6:48  Probe  
  85  6:52  Immortal (Chrono Boost)  
  85  6:53  Probe  
  85  6:55  Probe  
  85  6:59  Forge  
  85  7:00  Probe  
  91  7:10  Probe  
  91  7:12  Observer  
  91  7:13  Sentry  
  91  7:14  Sentry, Zealot x4  
  91  7:15  Zealot x2  
  104  7:19  Probe  
  104  7:21  Probe, Pylon, Immortal (Chrono Boost)  
  106  7:23  Pylon  
  106  7:25  Assimilator  
  106  7:26  Protoss Ground Weapons Level 1 (Chrono Boost)  
  106  7:27  Assimilator  
  106  7:30  Pylon  
  106  7:37  Photon Cannon  
  106  7:38  Pylon  
  106  7:43  Sentry x2  
  110  7:44  High Templar  
  110  7:45  High Templar  
  110  7:46  Sentry, Zealot x3  
  110  7:49  Archon  
  121  7:52  Immortal (Chrono Boost)  
  121  7:58  Probe  
  125  7:59  Probe, Photon Cannon  
  126  8:07  Photon Cannon  
  126  8:11  High Templar x2  
  128  8:16  Archon  
  128  8:17  Zealot x5  
  136  8:27  Immortal  
  124  8:41  High Templar  
  124  8:42  High Templar, Zealot x4  
  124  8:44  Zealot x2  
  124  8:47  Archon  
  140  8:49  Pylon  
  137  9:02  Zealot x4  
  129  9:06  Zealot x2  
  129  9:08  Immortal  
  133  9:14  High Templar x2  
  131  9:18  Archon  
  127  9:33  Zealot x6  
  125  9:38  Probe  
  125  9:45  Probe  
  125  9:47  Immortal, Zealot x2  
  129  9:53  Zealot x6  
  129  9:57  Probe  
  129  9:58  Probe  
  137  10:12  Pylon  
  137  10:13  High Templar x7  
  147  10:14  Zealot  
  147  10:17  Archon  
  147  10:18  Archon x2  
  147  10:19  Probe  
Tags
 
Add a new tag
Caveats
  • Supply blocks, unpowered buildings, or Contaminate may cause inaccurate times.
  • Supply counts are checked every 10 seconds.